AoeStats
← [Massa] Edo

Coastal Forest

510463100Analyzed
2v2 RM · 1d ago on Oct 1, 2026· 14m 52s· 4 players
Game mode
Random Map
Map size
Medium (4 player)
Population
200
Speed
Normal
Resources
Standard
Victory
Conquest
Starting age
Dark Age
Ending age
Imperial Age
RankedLock teamsTeams togetherTeam positionsShared explorationLock speedFull tech treeHidden civsTurbo modeCheats
Victory
Defeat
🇵🇪 Britons · Peru
1501
+13
🇨🇴 Khmer · Colombia
1496
+13
🇧🇷 Tatars · Brazil
1436
-13
🇧🇷 Celts · Brazil
1430
-13
TVHG.Phraymus
6:18 Loom
8:49 Feudal Age
10:31 Double-Bit Axe
11:50 Fletching
TVHG.LALO_CAESTA
7:04 Loom
9:37 Feudal Age
10:08 Double-Bit Axe
10:54 Fishing Lines
[Massa] Edo
8:50 Feudal Age
7:59 Loom
9:25 Double-Bit Axe
11:17 Man-at-Arms
12:58 Horse Collar
14:52 Scale Mail Armor
tg
6:37 Loom
8:44 Feudal Age
10:56 Double-Bit Axe
11:32 Fletching
11:38 Town Watch
Connection lost

Rejoining the realm…

Still unreachable

The connection could not be restored.

Session expired

The server has moved on; the page needs a fresh start.